AoeStats
← Furian

Arena

510421245Analyzed
4v4 RM · 18h ago on Sep 30, 2026· 49m 33s· 8 players
Game mode
Random Map
Map size
Large (8 player)
Population
200
Speed
Normal
Resources
Standard
Victory
Conquest
Starting age
Dark Age
Ending age
Imperial Age
RankedLock teamsTeams togetherTeam positionsShared explorationLock speedFull tech treeHidden civsTurbo modeCheats
Victory
Defeat
🇹🇷 Franks · Türkiye
1441
+10
🇹🇷 Berbers · Türkiye
1337
+13
🇹🇷 Danes · Türkiye
1247
+17
🇹🇷 Italians · Türkiye
1243
+17
🇲🇽 Cumans · Mexico
1305
-15
🇵🇪 Khitans · Peru
1286
-15
🇲🇽 Muisca · Mexico
1281
-14
🇧🇷 Malians · Brazil
1246
-13
Avila1997
10:35 Feudal Age
14:33 Castle Age
13:29 Double-Bit Axe
13:35 Gold Mining
14:08 Loom
16:04 Bow Saw
17:06 Fervor
17:42 Sanctity
44:10 Imperial Age
43:06 Wheelbarrow
43:11 Forging
43:01 Scale Mail Armor
42:58 Horse Collar
44:53 Iron Casting
45:03 Chain Mail Armor
44:40 Elite Temple Guard
45:25 Squires
SS4M00
4:46 Loom
9:48 Feudal Age
13:39 Castle Age
12:56 Forging
19:11 Double-Bit Axe
20:57 Gold Mining
21:50 Bow Saw
21:24 Domestication
23:34 Iron Casting
26:17 Scale Barding Armor
27:26 Wheelbarrow
28:03 Chain Barding Armor
28:39 Fletching
33:31 Imperial Age
32:15 Bodkin Arrow
32:31 Pastoralism
32:56 Husbandry
33:12 Fortified Wall
33:12 Stone Mining
34:23 Masonry
33:36 Elite Steppe Lancer
33:37 Heavy Camel Rider
33:39 Light Cavalry
35:36 Two-Man Saw
35:53 Hand Cart
35:24 Town Watch
36:22 Transhumance
37:59 Hussar
39:46 Plate Barding Armor
42:42 Conscription
43:16 Capped Ram
46:01 Ordo Cavalry
Seifer
8:53 Feudal Age
9:19 Double-Bit Axe
9:29 Horse Collar
11:14 Loom
12:41 Wheelbarrow
14:16 Town Watch
20:19 Castle Age
19:07 Gold Mining
21:22 Hand Cart
21:08 Heavy Plow
21:19 Bow Saw
21:46 Gold Shaft Mining
25:32 Imperial Age
23:18 Scale Barding Armor
23:23 Forging
24:28 Chain Barding Armor
24:35 Bloodlines
25:49 Cavalier
27:21 Iron Casting
31:04 Two-Man Saw
31:41 Plate Barding Armor
30:41 Capped Ram
31:11 Light Cavalry
32:57 Hussar
35:15 Paladin
37:16 Blast Furnace
40:26 Crop Rotation
rafoBR
10:58 Feudal Age
11:26 Double-Bit Axe
12:27 Horse Collar
15:04 Castle Age
14:22 Stone Mining
15:04 Loom
16:09 Bow Saw
26:47 Imperial Age
24:39 Gold Mining
26:37 Fletching
26:58 Forging
27:39 Scale Mail Armor
27:42 Squires
27:02 Man-at-Arms
27:40 Bodkin Arrow
28:46 Conscription
28:16 Arson
29:16 Gold Shaft Mining
29:52 Iron Casting
30:25 Chain Mail Armor
29:38 Long Swordsman
31:48 Tigui
31:36 Pikeman
31:39 Two-Handed Swordsman
32:09 Pikeman
33:28 Fortified Wall
34:19 Chemistry
33:51 Champion
36:26 Masonry
Sebastian von Rumelien
10:28 Feudal Age
12:30 Double-Bit Axe
14:56 Castle Age
18:36 Scale Barding Armor
21:17 Forging
23:12 Bloodlines
23:02 Husbandry
26:53 Loom
27:52 Iron Casting
27:37 Chain Barding Armor
35:39 Treadmill Crane
40:53 Wheelbarrow
44:27 Imperial Age
42:12 Hand Cart
44:43 Hand Cart
44:34 Town Watch
45:49 Heavy Camel Rider
47:13 Light Cavalry
49:57 Blast Furnace
49:32 Plate Barding Armor
edge2147
10:11 Feudal Age
11:40 Horse Collar
11:47 Double-Bit Axe
14:15 Castle Age
16:49 Loom
29:24 Imperial Age
27:57 Masonry
29:00 Fletching
29:11 Padded Archer Armor
29:43 Masonry
32:43 Ballistics
35:17 Bodkin Arrow
35:49 Leather Archer Armor
37:19 Bracer
39:11 Ring Archer Armor
41:32 Chemistry
41:30 Wheelbarrow
43:20 Conscription
43:27 Stone Mining
43:27 Gold Mining
45:53 Hoardings
44:59 Elite Genoese Crossbowman
48:40 Thumb Ring
49:32 Spies/Treason
Furian
10:39 Feudal Age
14:38 Castle Age
12:47 Double-Bit Axe
16:15 Forging
18:47 Iron Casting
18:15 Scale Mail Armor
18:15 Arson
18:30 Squires
20:56 Chain Mail Armor
25:26 Hamask
27:35 Wheelbarrow
26:45 Horse Collar
27:17 Bow Saw
29:19 Loom
30:02 Pikeman
32:54 Gold Mining
37:35 Imperial Age
35:17 Fletching
38:53 Plate Mail Armor
39:23 Blast Furnace
38:51 Elite Jomsviking
39:52 Conscription
39:20 Halberdier
41:52 Heavy Plow
45:42 Hoardings
49:21 Northmen's Fury
akgunfurkan45
9:53 Feudal Age
13:36 Castle Age
11:51 Double-Bit Axe
27:09 Imperial Age
25:56 Scale Barding Armor
26:02 Forging
26:32 Husbandry
28:13 Chain Barding Armor
29:39 Wheelbarrow
30:02 Conscription
29:47 Gold Mining
29:45 Loom
29:32 Cavalier
31:38 Plate Barding Armor
31:38 Iron Casting
32:55 Coinage
33:12 Paladin
36:15 Blast Furnace
39:11 Fletching
40:25 Chemistry
39:46 Ballistics
39:22 Murder Holes
39:37 Masonry
39:10 Treadmill Crane
48:29 Architecture
47:45 Arrowslits
48:55 Spies/Treason
Connection lost

Rejoining the realm…

Still unreachable

The connection could not be restored.

Session expired

The server has moved on; the page needs a fresh start.